cohdb
Replays
Latest Replays
All Replays
Popular Replays
Top Player Replays
Match Explorer
How It Works
Community
CoH3 Stats
Reddit
Sign in to upload your games and track your stats! →
Sign in with Steam
Match 42748027
Unlisted
Match 42748027
Overview
Messages
Build Orders
End
Scout Squad
Selects Heavy Weapons
Construct Weapon Support Center
M1919 Machine Gun Team
Engineer Squad
M1919 Machine Gun Team
Infantry Support Center
M3 Armored Personnel Carrier
Selects Assault Carriers
M3 Assault Carrier
Selects Exchangeable Parts
Engineer Squad
Construct Medical Station
Construct Motor Pool
M24 Chaffee Light Tank
M8 Greyhound Armored Car
M1919 Machine Gun Team
M8 Greyhound Armored Car
Selects M2HB .50cal Heavy Machine Gun
M8 Greyhound Armored Car
Selects Rapid Reposition
Scout Squad
Captain Retinue
M8 Greyhound Armored Car
woof_raff
Friendly Mouse(Poxie)
Gloria`Los
NEWBEE
0
0
Comments
sign in to comment!
No comments posted yet!